 Dungeon Crawl Stone Soup version 0.19-a0-753-gae73b43 (webtiles) character file.

2269 st0uf the Archer (level 9, 0/69 HPs)
             Began as a Centaur Hunter on June 25, 2016.
             Was an Initiate of Hepliaklqana.
             Killed by divine providence
             ... invoked by an orc priest
              (14 damage)
             ... on level 7 of the Dungeon.
             The game lasted 00:43:59 (7011 turns).

st0uf the Archer (Centaur Hunter)                   Turns: 7011, Time: 00:44:00

Health: 0/69       AC:  5    Str: 15    XL:     9   Next: 16%
Magic:  9/9        EV: 10    Int: 10    God:    Hepliaklqana [......]
Gold:   315        SH:  0    Dex: 13    Spells: 0 memorised, 8 levels left

rFire  . . .     SeeInvis .     a - +1 shortbow
rCold  . . .     Gourm    .     c - +0 leather armour
rNeg   . . .     Faith    .     (shield currently unavailable)
rPois  .         Spirit   .     (no helmet)
rElec  .         Dismiss  .     (no cloak)
rCorr  .         Reflect  .     (no gloves)
SustAt .         Harm     .     (no barding)
MR     .....                    p - amulet of rage (curse)
Stlth  ++........               y - +1 ring of protection (curse)
                                h - ring of stealth

@: very quick, not resistant to hostile enchantments, unstealthy
A: hooves 3, deformed body, speed 2, tough skin 3
a: Recall Ancestor, Ancestor Identity, Renounce Religion, Evoke Berserk Rage


You were on level 7 of the Dungeon.
You worshipped Hepliaklqana.
Hepliaklqana was noncommittal.
You were not hungry.

You visited 2 branches of the dungeon, and saw 8 of its levels.
You also visited: Sewer.

You collected 315 gold pieces.

Inventory:

Hand Weapons
 a - a +1 shortbow (weapon)
 b - a +0 short sword
 D - a +0 short sword of venom
Missiles
 d - 13 arrows (quivered)
Armour
 c - a +0 leather armour (worn)
Jewellery
 h - a ring of stealth (left hand)
 j - an uncursed amulet of magic regeneration
 p - a cursed amulet of rage (around neck)
 y - a cursed +1 ring of protection (right hand)
Wands
 l - a wand of acid (6/15)
Scrolls
 e - 3 scrolls of recharging {unknown}
 n - 6 scrolls of teleportation {unknown}
 q - 2 scrolls of noise {unknown}
 u - a scroll of immolation {unknown}
 v - 4 scrolls of identify {unknown}
 C - 2 scrolls of remove curse {unknown}
 F - 2 scrolls of enchant armour {unknown}
 G - a scroll of amnesia {unknown}
 H - 2 scrolls of magic mapping {unknown}
Potions
 g - 4 potions of degeneration {unknown}
 k - 4 potions of lignification {unknown}
 m - 7 potions of curing
 r - a potion of resistance {unknown}
 s - 4 potions of agility {unknown}
 t - 3 potions of brilliance {unknown}
 x - a potion of invisibility {unknown}
 z - 2 potions of haste {unknown}
 A - a potion of beneficial mutation {unknown}
 B - 5 potions of heal wounds {unknown}
 E - 3 potions of might {unknown}
 I - a potion of berserk rage {unknown}
Books
 K - a book of Death

   Spells                             Type                      Level
   a - Corpse Rot                     Necromancy                   2
   b - Sublimation of Blood           Necromancy                   2
   c - Agony                          Necromancy                   5
   d - Dispel Undead                  Necromancy                   5
   e - Excruciating Wounds            Charms/Necromancy            5
   f - Bolt of Draining               Conjuration/Necromancy       5
Comestibles
 f - 4 bread rations
 i - 4 meat rations
 o - 5 fruits
 w - 2 slices of pizza
 J - a royal jelly


   Skills:
 + Level 3.1 Fighting
 + Level 14.1 Bows
 + Level 2.4 Armour
 + Level 3.2 Dodging
 - Level 0.7 Stealth


You had 8 spell levels left.
You didn't know any spells.

Dungeon Overview and Level Annotations

Branches:
Dungeon (7/15)             Temple (1/1) D:6

Altars:
Ashenzari
Cheibriados
Dithmenos
Elyvilon
Fedhas
Hepliaklqana
Nemelex Xobeh
Okawaru
Pakellas
Ru
Sif Muna
Trog
Uskayaw
Vehumet
Xom
Yredelemnul
The Shining One


Innate Abilities, Weirdness & Mutations

You have hooves in place of feet.
Armour fits poorly on your strangely shaped body.
You cover ground very quickly.
You have extremely tough skin. (AC +3)


Message History

Press: ? - help, Shift-Dir - straight line, f - orc priest
Aim: an orc priest (almost dead)
You shoot an arrow. The arrow hits the orc priest.
The orc priest is almost dead.
The orc warrior hits you with a long sword!
The orc priest calls down the wrath of Beogh upon you.
Pain shoots through your body!
* * * LOW HITPOINT WARNING * * *
Firing (i - inventory):
d - 15 arrows (quivered)
Press: ? - help, Shift-Dir - straight line, f/p - orc priest
Aim: an orc priest (almost dead)
You shoot an arrow. The arrow barely misses the orc priest.
Moutsie hits the orc warrior but does no damage.
Firing (i - inventory):
d - 14 arrows (quivered)
Press: ? - help, Shift-Dir - straight line, f/p - orc priest
Aim: an orc priest (almost dead)
You shoot an arrow. The arrow barely misses the orc priest.
The orc priest calls down the wrath of Beogh upon you.
Beogh smites you!
You die...

# # #### #.
#######... #.
##.......## #.
##......###
#.#########......## #
#((o@............####
##.Ro...#............
#((#####............
#(.# #............
#..# #...........#
#.(# ##...........
#((# .............
#((( ............#
..#####....##


You could see the friendly moutsie the ancestor, an orc warrior and an orc
priest.

Vanquished Creatures
  A necrophage (D:7)
  A phantom (D:5)
  An ice beast (D:6)
  2 ogres
  A centaur (D:6)
  3 big kobolds (Sewer)
  3 giant frogs (D:6)
  8 wights
  4 howler monkeys
  3 crimson imps
  A jelly (D:6)
  2 giant frog zombies (D:6)
  3 orc wizards
  2 hounds
  Terence (D:2)
  2 iguanas
  2 worker ants
  7 adders
  4 river rats (Sewer)
  2 worms
  2 dart slugs
  The ghost of crawlian the Firebug, a weakling DEFE (D:3)
  4 giant geckos
  14 orcs
  10 ball pythons
  2 giant cockroaches
  9 goblins
  11 hobgoblins
  8 jackals
  5 quokkas
  A ball python skeleton (D:5)
  4 bats
  5 giant newts
  A jackal skeleton (D:6)
  24 kobolds
  A quokka skeleton (D:6)
  25 rats
180 creatures vanquished.

Vanquished Creatures (collateral kills)
  A giant frog (D:6)
  An orc priest (D:6)
  An orc wizard (D:6)
  A worker ant (D:6)
  An orc (D:6)
5 creatures vanquished.

Vanquished Creatures (others)
  An ancestor (D:6)
1 creature vanquished.

Grand Total: 186 creatures vanquished

Notes
Turn   | Place    | Note
--------------------------------------------------------------
     0 | D:1      | st0uf the Centaur Hunter began the quest for the Orb.
     0 | D:1      | Reached XP level 1. HP: 17/17 MP: 1/1
   181 | D:1      | Reached XP level 2. HP: 19/24 MP: 2/2
   408 | D:1      | Reached skill level 6 in Bows
  1065 | D:2      | Reached XP level 3. HP: 26/29 MP: 3/3
  1106 | D:2      | Found a sacrificial altar of Ru.
  1200 | D:2      | Reached XP level 4. HP: 35/37 MP: 4/4
  1341 | D:2      | Noticed Terence
  1384 | D:2      | Killed Terence
  1384 | D:2      | Reached skill level 7 in Bows
  1740 | D:3      | Reached XP level 5. HP: 42/42 MP: 5/5
  1806 | D:3      | Noticed an ogre
  1814 | D:3      | Reached skill level 1 in Armour
  1831 | D:3      | Killed an ogre
  1831 | D:3      | Reached skill level 8 in Bows
  1974 | D:3      | Reached XP level 6. HP: 50/50 MP: 6/6
  1997 | D:3      | Noticed crawlian's ghost (weakling DEFE)
  2001 | D:3      | Killed crawlian's ghost
  2191 | D:3      | Found a glowing drain.
  2199 | Sewer    | Entered a sewer
  2268 | Sewer    | Reached skill level 9 in Bows
  3083 | Sewer    | Reached XP level 7. HP: 50/56 MP: 7/7
  3274 | D:3      | Found a hide-covered altar of Uskayaw.
  3728 | D:4      | Reached skill level 10 in Bows
  3860 | D:4      | Found a sparkling altar of Nemelex Xobeh.
  3955 | D:4      | Found a radiant altar of Vehumet.
  4350 | D:5      | Entered Level 5 of the Dungeon
  4585 | D:5      | Reached skill level 11 in Bows
  5297 | D:5      | Reached XP level 8. HP: 62/62 MP: 8/8
  5455 | D:6      | Reached skill level 12 in Bows
  5903 | D:6      | Found a staircase to the Ecumenical Temple.
  5912 | Temple   | Entered the Ecumenical Temple
  6051 | Temple   | Became a worshipper of Hepliaklqana
  6226 | D:6      | Reached skill level 13 in Bows
  6456 | D:6      | Reached XP level 9. HP: 40/69 MP: 9/9
  6599 | D:6      | Found a snail-covered altar of Cheibriados.
  6930 | D:7      | Reached skill level 14 in Bows
  7011 | D:7      | Killed from afar by an orc priest

Vault maps used:
D:1:      denvon_arrival_hothouse, minmay_tromino_i4
D:2:      nicolae_ru_great_annihilating_truth, uniq_terence
D:3:      marbit_many_paths, lightli_sewer_entry_pipes
D:4:      kennysheep_mini_moat, nemelex_xobeh_ov_fountains_minmay
D:5:      first_bread
D:6:      kennysheep_slug_shrine
D:7:      the_bakery, minmay_bent
Temple:   oiseaux_autumnal_temple
Sewer:    sewer_minmay_treatment

Skill      XL: |  1  2  3  4  5  6  7  8  9 |
---------------+----------------------------+-----
Bows           | 6 7 8 9 11 13 14 | 14.1
Dodging        | 2 3 |  3.2
Armour         | 1 2 |  2.4
Fighting       | 3 |  3.1
Stealth        | |  0.7

Action                   |  1- 3 |  4- 6 |  7- 9 || total
-------------------------+-------+-------+-------++-------
Melee: Short sword       |    92 |       |    74 ||   166
       Kick              |    20 |       |    12 ||    32
 Fire: Shortbow          |    58 |   274 |   307 ||   639
Invok: Recall Ancestor   |       |       |     2 ||     2
 Stab: Paralysed         |     2 |       |       ||     2
  Eat: Chunk             |       |     4 |    10 ||    14
Armor: Leather armour    |    30 |    18 |    27 ||    75
Dodge: Dodged            |    45 |    36 |    46 ||   127
